 Dungeon Crawl Stone Soup version 0.16-a0-3807-g3748f16 (webtiles) character file.

94 Ololoev the Firebug (level 4, -3/27 HPs)
             Began as an Octopode Fire Elementalist on Jan 27, 2015.
             Slain by an orc
             ... wielding a +0 war axe
              (8 damage)
             ... on level 3 of the Dungeon.
             The game lasted 00:06:58 (2340 turns).

Ololoev the Firebug (Octopode Fire Elementalist)    Turns: 2340, Time: 00:06:58

Health: -3/27      AC:  1    Str:  7    XL:     4   Next: 63%
Magic:  3/7        EV: 12    Int: 18    God:
Gold:   96         SH:  0    Dex: 12    Spells: 2 memorised, 3 levels left

rFire  . . .     SeeInvis .     n - -2 dagger (curse)
rCold  . . .     Clarity  .     (no shield)
rNeg   . . .     SustAb   .     (helmet restricted)
rPois  .         Gourm    .     (no amulet)
rElec  .         Spirit   .     (no ring)
rCorr  .         Warding  .     (no ring)
rMut   .         Stasis   .     (no ring)
MR     .....                    (no ring)
Stlth  +++.......               (no ring)
                                (no ring)
                                (no ring)
                                (no ring)

@: not resistant to hostile enchantments, fairly stealthy
A: almost no armour, amphibious, 8 rings, constrict 8, camouflage 1, gelatinous
body 1
a: no special abilities


You were on level 3 of the Dungeon.
You were not hungry.

You visited 1 branch of the dungeon, and saw 3 of its levels.

You collected 96 gold pieces.

Notes
Turn   | Place    | Note
--------------------------------------------------------------
     0 | D:1      | Ololoev, the Octopode Fire Elementalist, began the quest for the Orb.
     0 | D:1      | Reached XP level 1. HP: 11/11 MP: 3/3
   261 | D:1      | Reached XP level 2. HP: 17/17 MP: 2/4
  1096 | D:2      | Reached XP level 3. HP: 14/21 MP: 0/6
  1867 | D:2      | Noticed Sigmund
  1892 | D:2      | Learned a level 3 spell: Conjure Flame
  2116 | D:3      | Reached XP level 4. HP: 27/27 MP: 7/7
  2340 | D:3      | Slain by an orc

Inventory:

Hand weapons
 n - a cursed -2 dagger (weapon)
Scrolls
 a - a scroll of fear {unknown}
 d - 2 scrolls of teleportation {unknown}
 e - a scroll of enchant weapon {unknown}
 i - a scroll of fog {unknown}
 j - 3 scrolls of identify {unknown}
 l - a scroll of amnesia {unknown}
 p - a scroll of immolation {unknown}
 s - 2 scrolls of enchant armour {unknown}
Potions
 g - a potion of resistance {unknown}
 h - 3 potions of agility
 o - a potion of might {unknown}
 r - a potion of poison {unknown}
Books
 b - a book of Flames

   Spells                             Type                      Level
   a - Flame Tongue                   Conjuration/Fire             1
   b - Throw Flame                    Conjuration/Fire             2
   c - Conjure Flame                  Conjuration/Fire             3
   d - Inner Flame                    Hexes/Fire                   3
   e - Sticky Flame                   Conjuration/Fire             4
   f - Fireball                       Conjuration/Fire             5
Comestibles
 c - 2 bread rations
 f - a beef jerky
 k - 4 fruits
 m - a royal jelly
 q - 3 chunks of flesh

Table legend:
 A = Turns spent in this place as a percentage of turns spent in the entire game.
 B = Non-inter-level travel turns spent in this place as a percentage of non-inter-level travel turns spent in the entire game.
 C = Inter-level travel turns spent in this place as a percentage of turns spent in this place.
 D = Turns resting spent in this place as a percentage of non-inter-level travel turns spent in this place.
 E = Turns spent auto-exploring this place as a percentage of non-inter-level travel turns spent in this place.
 F = Non-inter-level travel turns spent in this place divided by the number of levels of this place that you've seen.
                   A       B       C       D       E      F
               +-------+-------+-------+-------+-------+----------------------
         Total | 100.0 | 100.0 |   0.3 |   8.8 |   8.5 | 197.0
       Dungeon | 100.0 | 100.0 |   0.3 |   8.8 |   8.5 | 197.0
               +-------+-------+-------+-------+-------+----------------------


   Skills:
 - Level 2.0 Dodging
 - Level 2.6 Stealth
 - Level 2.0 Spellcasting
 * Level 3.6 Conjurations
 + Level 3.7 Fire Magic


You had 3 spell levels left.
You knew the following spells:

 Your Spells              Type           Power        Failure   Level  Hunger
a - Flame Tongue          Conj/Fire      ###..        4%          1    #......
b - Conjure Flame         Conj/Fire      ###.....     14%         3    ###....


Dungeon Overview and Level Annotations

Branches:
Dungeon (3/15)

Altars:

Annotations:
D:2 Sigmund


Innate Abilities, Weirdness & Mutations

You cannot wear most types of armour.
You are amphibious.
You can wear up to eight rings at the same time.
You can use your tentacles to constrict many enemies at once.
Your skin changes colour to match your surroundings (Stealth).
Your rubbery body absorbs attacks (AC +1).


Message History

Casting: Flame Tongue
Confirm with . or Enter, or press ? or * to list all spells.
Aiming: Flame Tongue
Press: ? - help, Shift-Dir - straight line, f/p - orc
Aim: an orc, wielding a war axe and wearing a ring mail The flame tongue hits the orc.
The orc is moderately wounded.
Casting: Flame Tongue
Confirm with . or Enter, or press ? or * to list all spells.
Aiming: Flame Tongue
Press: ? - help, Shift-Dir - straight line, f/p - orc
Aim: an orc, wielding a war axe and wearing a ring mail (moderately wounded)
The flame tongue hits the orc.
The orc is heavily wounded.
The orc closely misses you.
You hit the orc but do no damage. You grab the orc.
The orc is heavily wounded.
You constrict the orc, but do no damage.
You release your grip on the orc.
The orc hits you with a war axe! The giant newt barely misses you.
The giant newt bites you. The kobold hits you but does no damage.
A rat comes into view.
Casting: Flame Tongue
Confirm with . or Enter, or press ? or * to list all spells.
Aiming: Flame Tongue
Press: ? - help, Shift-Dir - straight line, f/p - orc
Aim: an orc, wielding a war axe and wearing a ring mail (lightly wounded)
The flame tongue hits the orc.
The orc is heavily wounded.
The orc hits you with a war axe!
Casting: Flame Tongue
Confirm with . or Enter, or press ? or * to list all spells.
Aiming: Flame Tongue
Press: ? - help, Shift-Dir - straight line, f/p - orc
Aim: an orc, wielding a war axe and wearing a ring mail (heavily wounded)
The flame tongue hits the orc.
The orc appears unharmed.
The orc is heavily wounded.
The orc hits you with a war axe!
You die...

....# #.........#...#.# #.....
....# #.........#...#.# ######
#########.........#...#.#########
............)....................
..............)..o..o............
##.######........#ol..#.#...##...
#.# #.......l##...#.#<#.##... #.#
#....<.Ko##.###.#.#.##... #.#
#.......@##.. #...#r##... #.#
#........###.####.#.##... #.#
########## .. #.#.##... +.# #.#
#.#'##... ### #........ ...


You could see 2 orcs, a kobold and a giant newt.

Table legend:
 A = Kills in this place as a percentage of kills in entire the game.
 B = Kills by you in this place as a percentage of kills by you in the entire game.
 C = Kills by friends in this place as a percentage of kills by friends in the entire game.
 D = Other kills in this place as a percentage of other kills in the entire game.
 E = Experience gained in this place as a percentage of experience gained in the entire game.
 F = Experience gained in this place divided by the number of levels of this place that you have seen.
                   A       B       C       D       E      F
               +-------+-------+-------+-------+-------+----------------------
         Total | 100.0 | 100.0 |  -nan |  -nan | 100.0 |  45.0
       Dungeon | 100.0 | 100.0 |  -nan |  -nan | 100.0 |  45.0
               +-------+-------+-------+-------+-------+----------------------

Vanquished Creatures
  A worker ant (D:3)
  3 adders
  A giant gecko (D:1)
  2 oozes
  A giant cockroach (D:1)
  5 goblins
  A hobgoblin (D:2)
  6 jackals
  A ball python (D:3)
  5 bats
  3 giant newts (D:1)
  3 kobolds (D:1)
  2 quokkas (D:2)
  6 rats
40 creatures vanquished.

Action                   |  1- 3 |  4- 6 || total
-------------------------+-------+-------++-------
Melee: Unarmed           |    38 |       ||    38
       Dagger            |    21 |     1 ||    22
 Cast: Flame Tongue      |    40 |    14 ||    54
       Conjure Flame     |       |     1 ||     1
 Stab: Sleeping          |     3 |       ||     3
  Eat: Chunk             |     4 |     1 ||     5

Vault maps used:
D:1:      scummos_arrival_forest
D:2:      first_bread, kennysheep_nondescript, uniq_sigmund
D:3:      portal_sewer_entry_f, grunt_decor_fettered
